Map: Oblivion Express

Players

monk

  • Race: Protoss Protoss
  • Spawn Location: 12:00

sTkmonk

  • Race: Terran Terran
  • Spawn Location: 0:00

VOD

Have the link to the VOD?

Description

Time

  • Played on: Sept. 25, 2017, 2:20 a.m.
  • Length: 24:12
Show
View Real Time Build Order
Export as new Build Order

monk Protoss 

Build Orders:  

Get SALT Encoding   

  12  0:03  Probe (Chrono Boost)  
  13  0:16  Probe (Chrono Boost)  
  14  0:27  Probe (Chrono Boost)  
  15  0:38  Probe (Chrono Boost)  
  16  0:42  Gateway  
  16  0:49  Probe (Chrono Boost)  
  18  1:00  Probe (Chrono Boost)  
  18  1:01  Assimilator  
  19  1:11  Probe (Chrono Boost)  
  19  1:13  Assimilator  
  19  1:22  Probe (Chrono Boost)  
  20  1:33  Probe (Chrono Boost)  
  21  1:44  Probe (Chrono Boost)  
  21  1:49  Zealot  
  24  1:57  Probe (Chrono Boost)  
  25  2:07  Zealot  
  27  2:13  Probe (Chrono Boost)  
  28  2:26  Probe (Chrono Boost)  
  29  2:37  Probe (Chrono Boost)  
  30  2:48  Probe (Chrono Boost)  
  31  2:59  Probe (Chrono Boost)  
  33  3:11  Probe (Chrono Boost)  
  33  3:15  Nexus  
  33  3:20  Cybernetics Core  
  33  3:22  Probe (Chrono Boost)  
  34  3:34  Probe (Chrono Boost)  
  35  3:45  Probe (Chrono Boost)  
  36  3:54  Assimilator  
  36  3:56  Probe (Chrono Boost)  
  37  4:07  Probe (Chrono Boost)  
  38  4:11  Robotics Facility  
  38  4:18  Probe (Chrono Boost)  
  39  4:32  Probe (Chrono Boost)  
  40  4:47  Probe (Chrono Boost)  
  41  4:52  Pylon  
  41  4:58  Assimilator, Probe (Chrono Boost)  
  41  4:59  Probe (Chrono Boost)  
  43  5:09  Probe (Chrono Boost)  
  45  5:11  Probe (Chrono Boost)  
  46  5:20  Probe (Chrono Boost)  
  46  5:28  Probe (Chrono Boost)  
  45  5:30  Probe (Chrono Boost)  
  45  5:38  Robotics Bay  
  46  5:42  Probe (Chrono Boost)  
  47  6:05  Immortal x3  
  57  6:16  Probe (Chrono Boost)  
  58  6:24  Forge  
  58  6:26  Protoss Ground Weapons Level 1  
  58  6:27  Probe (Chrono Boost)  
  59  6:38  Probe (Chrono Boost)  
  60  6:42  Immortal  
  64  6:59  Improved Barrier (Chrono Boost)  
  64  7:12  Twilight Council  
  64  7:14  Robotics Facility  
  64  7:17  Gateway  
  64  7:27  Probe (Chrono Boost)  
  65  7:54  Scarab Housing  
  65  7:59  Immortal  
  69  8:07  Singularity Charge  
  69  8:09  Protoss Ground Weapons Level 2  
  69  8:45  Reaver  
  69  8:46  Gateway, Reaver  
  69  8:48  Gateway  
  69  8:49  Reaver  
  87  8:52  Immortal  
  87  8:54  Solarite Payload  
  91  9:10  Immortal  
  95  9:35  Dragoon x2  
  95  9:37  Dragoon  
  101  10:14  Pylon  
  101  10:36  Reaver  
  101  10:38  Immortal x2  
  101  10:39  Photon Cannon  
  115  10:49  Observer  
  116  11:09  Probe  
  110  11:30  Protoss Ground Weapons Level 3  
  110  11:36  Photon Cannon  
  110  11:38  Photon Cannon  
  110  11:39  Photon Cannon  
  110  11:41  Reaver  
  110  11:42  Photon Cannon  
  110  11:43  Photon Cannon  
  110  11:44  Immortal x2  
  110  11:45  Pylon  
  124  12:01  Immortal  
  128  12:11  Observer  
  129  12:22  Photon Cannon x2  
  129  12:23  Photon Cannon  
  129  12:36  Immortal  
  132  12:55  Immortal  
  136  13:21  Immortal  
  136  13:24  Immortal  
  144  13:45  Immortal  
  148  14:12  Trillic Compresion Mesh  
  148  14:20  Protoss Ground Armor Level 1  
  148  14:21  Photon Cannon x2  
  148  14:23  Photon Cannon  
  148  14:24  Photon Cannon  
  148  14:33  Immortal  
  152  14:46  Immortal  
  156  14:54  Immortal  
  160  15:11  Immortal  
  160  15:28  Pylon  
  160  15:32  Immortal  
  164  15:42  Whirlwind  
  164  15:47  Immortal  
  168  16:14  Photon Cannon  
  168  16:16  Photon Cannon  
  168  16:19  Protoss Shields Level 1  
  168  16:22  Photon Cannon  
  168  16:23  Photon Cannon  
  168  16:30  Immortal  
  172  16:56  Immortal x2  
  180  17:19  Immortal  
  184  17:26  Immortal  
  188  17:38  Photon Cannon x2  
  188  17:53  Protoss Ground Armor Level 2  
  188  17:54  Photon Cannon  
  188  18:00  Photon Cannon  
  188  18:01  Photon Cannon  
  184  18:10  Immortal  
  188  18:33  Pylon  
  188  18:54  Immortal x2  
  196  19:18  Pylon  
  196  19:30  Pylon  
  196  20:00  Photon Cannon  
  196  20:01  Photon Cannon  
  196  20:03  Photon Cannon  
  196  20:04  Protoss Shields Level 2  
  196  20:09  Pylon  
  196  20:31  Photon Cannon  
  196  20:36  Photon Cannon x2  
  196  20:39  Photon Cannon  
  196  20:42  Photon Cannon  
  196  20:49  Photon Cannon  
  196  20:51  Photon Cannon  
  196  20:54  Photon Cannon x2  
  196  20:56  Immortal  
  200  21:23  Photon Cannon  
  200  21:26  Photon Cannon  
  200  21:29  Photon Cannon  
  200  21:42  Photon Cannon  
  200  21:45  Photon Cannon  
  200  21:46  Photon Cannon  
  199  22:04  Photon Cannon  
  195  22:44  Immortal  
  190  22:52  Immortal x2  
  195  23:03  Observer  
  195  23:08  Observer  
  180  23:38  Immortal x3  
Show
View Real Time Build Order
Export as new Build Order

sTkmonk Terran 

Build Orders:  

Get SALT Encoding   

Tags
 
Add a new tag
Caveats
  • Supply blocks, unpowered buildings, or Contaminate may cause inaccurate times.
  • Supply counts are checked every 10 seconds.